 Dungeon Crawl Stone Soup version 0.30-a0-972-gf3ab3527aa (webtiles) character file.

Game seed: 3346782021407466060

13482 jasper the Spear-Bearer (level 11, -1/81 HPs)
             Began as a Demonspawn Cinder Acolyte on Mar 31, 2023.
             Was a Believer of Ignis.
             Slain by a slime creature (13 damage)
             ... on level 11 of the Dungeon.
             The game lasted 00:22:41 (13734 turns).

jasper the Spear-Bearer (DsCA)                     Turns: 13734, Time: 00:22:42

Health: -1/81      AC: 18    Str: 17    XL:     11   Next: 76%
Magic:  18/18      EV: 12    Int: 24    God:    Ignis [**....]
Gold:   735        SH:  8    Dex: 12    Spells: 6/20 levels left

rFire   + + +      SeeInvis .    V - +4 trident (freeze)
rCold   x . .      Faith    .    y - +3 buckler of the Bulwark {Str+3 Int+4}
rNeg    . . .      Spirit   .    L - +2 ring mail of the Playwright {rF+++}
rPois   .          Reflect  .    (helmet restricted)
rElec   .          Rampage  .    Q - +0 cloak
rCorr   .                        P - +2 pair of gloves
Will    .....                    (no boots)
Stlth   +                        u - amulet of the Dripping Madman {RegenMP rF+++ rC- Dex+3}
HPRegen 0.33/turn                H - +4 ring of protection
MPRegen 0.56/turn                (no ring)

@: no status effects
A: antennae 2, icy blue scales 2, ignite blood 1, spiny 1
a: Renounce Religion, Fiery Armour, Foxfire Swarm, Rising Flame


You were on level 11 of the Dungeon.
You worshipped Ignis.
Ignis was pleased with you.
You visited 1 branch of the dungeon, and saw 14 of its levels.
You also visited: Ossuary.

You collected 735 gold pieces.

Inventory:

Hand Weapons
 a - a +0 spear of flaming
 t - a +0 hand axe of chaos
 x - a +0 trident
 V - a +4 trident of freezing (weapon)
Missiles
 o - 29 poisoned darts
 s - 6 javelins
 U - 4 curare-tipped darts
Armour
 b - a +0 robe
 e - a +0 helmet
 l - a +0 helmet
 y - the +3 buckler of the Bulwark (worn) {Str+3 Int+4}
   (You found it on level 4 of the Dungeon)

   Str:       It affects your strength (+3).
   Int:       It affects your intelligence (+4).
 F - a +0 scale mail
 J - a +2 robe of willpower
 L - the +2 ring mail of the Playwright (worn) {rF+++}
   (You found it on level 6 of the Dungeon)

   rF:        It renders you almost immune to fire.
 P - a +2 pair of gloves (worn)
 Q - a +0 cloak (worn)
Magical Staves
 K - a staff of air
Jewellery
 u - the amulet of the Dripping Madman (around neck) {RegenMP rF+++ rC- Dex+3}
   (You acquired it on level 4 of the Dungeon)

   [amulet of magic regeneration]

   It increases your rate of magic regeneration.
   Dex:       It affects your dexterity (+3).
   rF:        It renders you almost immune to fire.
   rC:        It makes you vulnerable to cold.
 G - an amulet of the acrobat
 H - a +4 ring of protection (left hand)
 O - a ring of protection from cold
Wands
 m - a wand of polymorph (6)
 I - a wand of acid (2)
 W - a wand of mindburst (20)
Scrolls
 h - 2 scrolls of enchant weapon
 i - 3 scrolls of teleportation
 p - 6 scrolls of noise
 r - a scroll of amnesia
 v - 3 scrolls of enchant armour
 w - 3 scrolls of immolation
 z - 4 scrolls of magic mapping
 B - 4 scrolls of poison
 C - a scroll of summoning
 D - a scroll of silence
 E - 8 scrolls of identify
 M - 2 scrolls of fog
 S - a scroll of brand weapon
 X - a scroll of blinking
Potions
 c - 2 potions of invisibility
 d - a potion of haste
 f - a potion of heal wounds
 g - 4 potions of attraction
 j - 2 potions of lignification
 k - 3 potions of mutation
 n - 2 potions of brilliance
 q - 5 potions of curing
 A - 2 potions of resistance
 N - 2 potions of degeneration
 R - 2 potions of magic
 T - 3 potions of cancellation


   Skills:
 + Level 6.2 Fighting
 - Level 14.0 Polearms
 + Level 1.1 Armour
 + Level 5.2 Dodging
 - Level 4.0 Shields
 - Level 5.0 Spellcasting
 * Level 2.0 Summonings
 - Level 4.0 Necromancy
 - Level 3.0 Fire Magic


You had 6 spell levels left.
You knew the following spells:

 Your Spells              Type           Power      Damage    Failure   Level
a - Scorch                Fire           40%        2d7       10%         2
b - Vampiric Draining     Necr           25%        2d7       12%         3
c - Summon Cactus Giant   Summ           7%         N/A       100%        6
d - Mephitic Cloud        Conj/Pois/Air  6%         N/A       54%         3

Your spell library contained the following spells:

 Spells                   Type           Power      Damage    Failure   Level
 Necrotise                Necr           100%       1d9       4%          1
 Call Imp                 Summ           15%        N/A       14%         2
 Freeze                   Ice            24%        1d4       22%         1
 Magic Dart               Conj           24%        1d4       22%         1
 Static Discharge         Conj/Air       12%        2-3/arc   32%         2
 Frozen Ramparts          Ice            12%        1d2       54%         3
 Hailstorm                Conj/Ice       6%         3d4       54%         3
 Vhi's Electric Charge    Tloc/Air       12%        N/A       54%         3
 Agony                    Necr           25%        N/A       75%         5
 Plasma Beam              Fire/Air       6%         2x1d12    97%         5
 Summon Forest            Summ/Tloc      5%         N/A       98%         5
 Summon Mana Viper        Hex/Summ       10%        N/A       98%         5
 Arcjolt                  Conj/Air       3%         1d13      99%         5


Dungeon Overview and Level Annotations

Branches:
Dungeon (14/15)            Temple (0/1) D:7            Lair (0/5) D:10
    Orc (0/2) D:12        Ossuary (visited)
 Vaults: D:13-14

Altars:
Cheibriados
Dithmenos
Gozag
Hepliaklqana
Qazlal
Trog
Uskayaw
Wu Jian
Xom
Yredelemnul

Shops:
D:6 :

Annotations:
D:10 Fannar
D:11 Erolcha


Innate Abilities, Weirdness & Mutations

You have a pair of antennae on your head.
You are mostly covered in icy blue scales. (AC +3)
Your demonic aura sometimes causes spilled blood to erupt in flames.
You are partially covered in sharp spines.


Message History

The slime creature is moderately wounded.
You puncture the slime creature! You freeze the slime creature.
The slime creature is heavily wounded.
The slime creature is struck by your spines.
The slime creature hits you!
The slime creature is struck by your spines.
The slime creature barely misses you.
You take 12 damage, and have 41/81 hp.
You puncture the slime creature! You freeze the slime creature.
The slime creature is almost dead.
You block the slime creature's attack. x2
You puncture the slime creature! You freeze the slime creature.
You kill the slime creature!
Your Summonings skill increases to level 2!
You puncture the slime creature! You freeze the slime creature.
The slime creature is heavily wounded.
The slime creature hits you!
You take 10 damage, and have 32/81 hp.
You puncture the slime creature! You freeze the slime creature.
The slime creature is severely wounded.
You block the slime creature's attack.
You hit the slime creature. You freeze the slime creature.
The slime creature is almost dead.
You completely miss the slime creature.
The slime creature is almost dead.
The slime creature is struck by your spines.
The slime creature hits you!
* * * LOW HITPOINT WARNING * * *
You take 11 damage, and have 21/81 hp.
You barely miss the slime creature.
The slime creature is almost dead.
The slime creature hits you!
* * * LOW HITPOINT WARNING * * *
You take 9 damage, and have 12/81 hp.
You hit the slime creature but do no damage.
The slime creature is almost dead.
The slime creature attacks as you move away!
The slime creature is struck by your spines.
The slime creature hits you!
You die...

.# .# .# ### .#
#.+ ## #.# #.#
#.# #># #@#
#..J...#
........#
..........#
......#+#####
......#.#
......#.########
......#...>....#
#.$......#


You could see a slime creature.

Vanquished Creatures
  2 two-headed ogres
  Nergalle (D:10)
  Pikel (D:4)
  A manticore (D:12)
  An ugly thing (D:12)
  Joseph (D:7)
  A centaur skeleton (D:11)
  An unseen horror (D:12)
  3 trolls
  Prince Ribbit (D:6)
  A hornet (D:7)
  3 slime creatures
  6 yaks (D:9)
  A wraith (D:10)
  3 shadows
  Eustachio (D:4)
  9 vampire mosquitoes
  A steam dragon (D:8)
  Grum (D:9)
  2 water moccasins
  An ice beast (D:6)
  7 orc warriors (D:12)
  2 sky beasts
  A black bear (D:8)
  3 wolves (D:9)
  3 ogres
  2 lemures (D:4)
  A centaur (D:9)
  5 kobold brigands
  2 bullfrogs
  2 gnoll sergeants
  4 scorpions
  13 wights
  7 killer bees
  7 howler monkeys
  4 orc priests
  3 gnoll boudas
  3 hounds
  A jelly (D:7)
  2 sleepcaps
  Jessica (D:2)
  Natasha (thrice) (D:2)
  3 iguanas
  6 orc wizards
  12 mummies (Ossuary)
  Robin (D:1)
  18 gnolls
  7 adders
  A shadow imp (D:6)
  A white imp (D:6)
  An ufetubus (D:5)
  3 worms
  4 dart slugs
  32 orcs
  9 endoplasms
  A giant cockroach (D:2)
  15 goblins
  6 hobgoblins
  2 jackals (D:3)
  4 quokkas
  9 ball pythons
  13 bats
  4 frilled lizards
  3 gnoll skeletons (Ossuary)
  A goblin skeleton (Ossuary)
  22 kobolds
  A kobold skeleton (Ossuary)
  3 orc skeletons (Ossuary)
  4 rats (D:1)
  11 rat skeletons (Ossuary)
315 creatures vanquished.

Vanquished Creatures (others)
  2 orc wizards
  An orc (D:8)
  19 foxfires (D:10)
22 creatures vanquished.

Grand Total: 337 creatures vanquished

Notes
Turn   | Place    | Note
-------+----------+-------------------------------------------
     0 | D:1      | jasper the Demonspawn Cinder Acolyte began the quest for
                  | the Orb.
     0 | D:1      | Reached XP level 1. HP: 18/18 MP: 2/2
   186 | D:1      | Gained mutation: You are partially covered in icy blue
                  | scales. (AC +2) [demonic ancestry]
   186 | D:1      | Reached XP level 2. HP: 24/24 MP: 3/3
   189 | D:1      | Learned a level 2 spell: Scorch
   348 | D:1      | Reached skill level 1 in Dodging
   686 | D:1      | Found a faded altar of an unknown god.
   699 | D:1      | Gained mutation: You are partially covered in sharp spines.
                  | [demonic ancestry]
   699 | D:1      | Reached XP level 3. HP: 29/29 MP: 0/5
   703 | D:1      | Learned a level 3 spell: Vampiric Draining
  1324 | D:2      | Noticed Natasha
  1337 | D:2      | Killed Natasha
  1338 | D:2      | Reached skill level 1 in Necromancy
  1338 | D:2      | Reached XP level 4. HP: 25/35 MP: 0/7
  1487 | D:2      | Noticed Robin
  1665 | D:1      | Killed Robin
  1826 | D:2      | Noticed Jessica
  1830 | D:2      | Killed Jessica
  1912 | D:2      | Noticed Natasha
  1918 | D:2      | Killed Natasha
  1919 | D:2      | Reached XP level 5. HP: 39/42 MP: 5/8
  1989 | D:2      | Noticed Natasha
  1999 | D:2      | Killed Natasha
  3336 | D:4      | Reached XP level 6. HP: 33/48 MP: 0/10
  3702 | D:4      | Found a sand-covered staircase.
  3707 | Ossuary  | Entered an ossuary
  4978 | D:4      | Noticed Eustachio
  4985 | D:4      | Gained mutation: You have a pair of small antennae on your
                  | head. [demonic ancestry]
  4985 | D:4      | Reached XP level 7. HP: 54/55 MP: 9/12
  4997 | D:4      | Killed Eustachio
  5181 | D:4      | Reached skill level 5 in Fighting
  5352 | D:4      | Noticed Pikel
  5370 | D:4      | Killed Pikel
  5371 | D:4      | Reached XP level 8. HP: 41/64 MP: 0/15
  5477 | D:4      | Found a basalt altar of Yredelemnul.
  5739 | D:4      | Identified the +3 buckler of the Bulwark {Str+3 Int+4}
  6002 | D:4      | Identified a scroll of acquirement
  6003 | D:4      | Acquired the amulet of the Dripping Madman {RegenMP rF+++
                  | rC- Dex+3}
  6040 | D:5      | Entered Level 5 of the Dungeon
  6195 | D:5      | Found a hide-covered altar of Uskayaw.
  6304 | D:5      | Reached skill level 1 in Shields
  6357 | D:5      | Reached skill level 5 in Dodging
  6357 | D:5      | Reached skill level 5 in Spellcasting
  6519 | D:5      | Found an opulent altar of Gozag.
  7231 | D:5      | Reached skill level 3 in Polearms
  7240 | D:5      | Learned a level 6 spell: Summon Cactus Giant
  7407 | D:6      | Gained mutation: You are mostly covered in icy blue scales.
                  | (AC +3) [demonic ancestry]
  7407 | D:6      | Reached XP level 9. HP: 51/69 MP: 4/16
  7622 | D:6      | Reached skill level 4 in Polearms
  7638 | D:6      | Noticed Prince Ribbit
  7662 | D:6      | Killed Prince Ribbit
  7663 | D:6      | Reached skill level 5 in Polearms
  7784 | D:6      | Found Xoetoef's Book Shop.
  7792 | D:6      | Identified the +2 ring mail of the Playwright {rF+++}
  7891 | D:6      | Found a bloodstained altar of Trog.
  8030 | D:6      | Learned a level 3 spell: Mephitic Cloud
  8266 | D:7      | Found a staircase to the Ecumenical Temple.
  8320 | D:7      | Found a hazy altar of Hepliaklqana.
  8327 | D:7      | Found a shadowy altar of Dithmenos.
  8328 | D:7      | Found a shimmering altar of Xom.
  8375 | D:7      | Reached skill level 6 in Polearms
  8667 | D:7      | Reached skill level 7 in Polearms
  8672 | D:7      | Noticed Joseph
  8685 | D:7      | Killed Joseph
  8813 | D:7      | Paralysed by a hornet for 3 turns
  8818 | D:7      | Reached skill level 8 in Polearms
  9039 | D:7      | Found a snail-covered altar of Cheibriados.
  9589 | D:8      | Gained mutation: You have a pair of antennae on your head.
                  | [demonic ancestry]
  9589 | D:8      | Reached XP level 10. HP: 73/76 MP: 0/17
  9762 | D:8      | Reached skill level 9 in Polearms
  9858 | D:8      | Noticed a two-headed ogre
  9872 | D:8      | Killed a two-headed ogre
 10307 | D:9      | Reached skill level 10 in Polearms
 10539 | D:9      | Reached skill level 11 in Polearms
 10968 | D:9      | Noticed Grum
 10987 | D:9      | Killed Grum
 11171 | D:10     | Entered Level 10 of the Dungeon
 11171 | D:10     | Noticed a two-headed ogre
 11189 | D:9      | Killed a two-headed ogre
 11190 | D:9      | Reached skill level 12 in Polearms
 11190 | D:9      | Gained mutation: Your demonic aura sometimes causes spilled
                  | blood to erupt in flames. [demonic ancestry]
 11190 | D:9      | Reached XP level 11. HP: 75/81 MP: 18/18
 11406 | D:10     | Found a staircase to the Lair.
 11606 | D:10     | Noticed a two-headed ogre
 11609 | D:10     | Noticed a two-headed ogre
 11662 | D:10     | Noticed Nergalle
 11672 | D:10     | Killed Nergalle
 11811 | D:10     | Found a stormy altar of Qazlal.
 11890 | D:10     | Found an ornate altar of the Wu Jian Council.
 11925 | D:10     | Noticed Fannar
 12104 | D:11     | Noticed Erolcha
 12107 | D:11     | Noticed a red ugly thing
 12331 | D:11     | Reached skill level 13 in Polearms
 12555 | D:12     | Found a staircase to the Orcish Mines.
 12773 | D:12     | Noticed a white ugly thing
 12792 | D:12     | Killed a white ugly thing
 13262 | D:12     | You fall into a shaft and drop 2 floors!
 13279 | D:14     | Noticed an orc knight
 13288 | D:14     | Noticed a purple ugly thing
 13523 | D:13     | Reached skill level 14 in Polearms
 13595 | D:13     | Reached skill level 1 in Summonings
 13722 | D:11     | Reached skill level 1 in Armour
 13734 | D:11     | Slain by a slime creature

Illustrated notes

Levels and vault maps discovered:
D:1:      minmay_arrival_loop, layout_basic, basic_ecumenical_altar
D:2:      layout_basic, uniq_natasha, uniq_jessica, uniq_robin
D:3:      layout_rooms, portal_sewer_entry_e, minmay_misc_feat_rows
D:4:      layout_cave_pods, nicolae_overflow_crystal_walls, enter_ossuary_2,
          uniq_pikel, uniq_eustachio
D:5:      minmay_razor_zed, layout_rooms, mainiacjoe_overflow_24_doors,
          nicolae_gozag_cash_rules_everything_around_me, kennysheep_small_circle
D:6:      layout_basic, lemuel_doored_altar, serial_shops,
          nicolae_take_the_stairs, uniq_prince_ribbit1
D:7:      layout_layer_cave, mainiacjoe_overflow_brackets, minitemple,
          mainiacjoe_overflow_alcove_4, minmay_temple_entry_poolview,
          uniq_joseph
D:8:      layout_cave_pools, minmay_starry_boxes
D:9:      layout_rooms, uniq_grum
D:10:     layout_basic, mainiacjoe_overflow_swirl, lair_entry_dummy,
          st_stairs_12, interstate_on_off, minmay_mirror_moons_of_madness,
          uniq_nergalle, uniq_fannar
D:11:     minmay_angry_zag, layout_basic, hangedman_weighted_door,
          minmay_statue_bubble, uniq_erolcha, uniq_urug
D:12:     minmay_triangles_in_corner, layout_stronghold, david_orc_1_choice
D:13:     layout_grid_maze, hangedman_vaults_entry_quadrant_bands,
          nicolae_nh_vlads_tower
D:14:     hangedman_cross_cluster, layout_stronghold,
          infiniplex_staircase_squiggle, uniq_roxanne

Skill      XL: |  1  2  3  4  5  6  7  8  9 10 11 |
---------------+----------------------------------+-----
Dodging        | 1 2 3 4 5 |  5.2
Fire Magic     | 3 |  3.0
Spellcasting   | 2 3 4 5 |  5.0
Necromancy     | 1 2 3 4 |  4.0
Fighting       | 4 5 6 |  6.2
Shields        | 4 |  4.0
Polearms       | 3 8 12 14 | 14.0
Summonings     | 2 |  2.0
Armour         | 1 |  1.1

Action                     |  1- 3 |  4- 6 |  7- 9 | 10-12 || total
---------------------------+-------+-------+-------+-------++-------
  Melee: Spear             |    89 |    44 |    61 |   236 ||   430
         Punch             |     1 |     1 |       |       ||     2
         Unarmed           |       |     4 |       |       ||     4
         Trident           |       |       |       |   194 ||   194
  Throw: Dart              |       |       |       |     4 ||     4
   Cast: Scorch            |    20 |   115 |   180 |    63 ||   378
         Vampiric Draining |       |       |     4 |    17 ||    21
 Invoke: Fiery Armour      |       |     1 |     4 |     2 ||     7
         Foxfire Swarm     |       |       |       |     1 ||     1
  Evoke: Wand              |       |       |     4 |     5 ||     9
    Use: Potion            |     1 |       |       |     4 ||     5
         Scroll            |       |    22 |     4 |     5 ||    31
 Armour: Robe              |    20 |    17 |    29 |   106 ||   172
         Skin              |       |     1 |       |       ||     1
         Ring mail         |       |       |       |     6 ||     6
  Dodge: Dodged            |    38 |    28 |    58 |   177 ||   301
  Block: Buckler           |       |       |    40 |   154 ||   194

Table legend: (Time is in decaauts)
 A = Elapsed time spent in this place.
 B = Non-inter-level travel time spent in this place.
 C = Inter-level travel time spent in this place.
 D = Time resting spent in this place.
 E = Time spent auto-exploring this place.
 F = Levels seen in this place.
 G = Mean time per level.
                   A        B        C        D        E       F      G
               +--------+--------+--------+--------+--------+-----+--------+
         Total |  13609 |  13314 |    295 |    718 |  10326 |  15 |  907.3 |
       Dungeon |  12471 |  12176 |    295 |    718 |   9351 |  14 |  890.8 |
       Ossuary |   1138 |   1138 |      0 |      0 |    975 |   1 | 1138.0 |
               +--------+--------+--------+--------+--------+-----+--------+

Top non-repeatable levels by time:
     D:4: 1679 daAuts
     D:5: 1315 daAuts
     D:7: 1291 daAuts
 Ossuary: 1138 daAuts
     D:2: 1128 daAuts
     D:3: 1092 daAuts
     D:1: 1028 daAuts
    D:12: 1014 daAuts
     D:9: 942 daAuts
     D:6: 903 daAuts
     D:8: 711 daAuts
    D:10: 660 daAuts
    D:11: 375 daAuts
    D:13: 208 daAuts
    D:14: 118 daAuts
